 Dungeon Crawl Stone Soup version 0.17-a0-1945-gfe993df (webtiles) character file.

31 Gruud the Charmwright (level 3, 0/27 HPs)
             Began as a Demonspawn Skald on Sept 30, 2015.
             Slain by a kobold
             ... wielding a +0 short sword
              (2 damage)
             ... on level 2 of the Dungeon.
             The game lasted 00:05:23 (1399 turns).

Gruud the Charmwright (Demonspawn Skald)            Turns: 1399, Time: 00:05:23

Health: 0/27       AC:  3    Str: 12    XL:     3   Next: 7%
Magic:  0/6        EV: 11    Int: 16    God:
Gold:   15         SH:  0    Dex: 12    Spells: 1 memorised, 5 levels left

rFire  . . .     SeeInvis .     a - +0 hand axe
rCold  . . .     Clarity  .     b - +0 leather armour
rNeg   . . .     SustAt   .     (no shield)
rPois  .         Gourm    .     (no helmet)
rElec  .         Spirit   .     (no cloak)
rCorr  .         Warding  .     (no gloves)
rMut   .         Stasis   .     (no boots)
MR     .....                    (no amulet)
Stlth  +.........               (no ring)
                                k - +2 ring of intelligence

@: not resistant to hostile enchantments, very unstealthy
A: rot immunity
a: no special abilities


You were on level 2 of the Dungeon.
You were not hungry.

You visited 1 branch of the dungeon, and saw 2 of its levels.

You collected 15 gold pieces.

Inventory:

Hand weapons
 a - a +0 hand axe (weapon)
Missiles
 m - 23 sling bullets
Armour
 b - a +0 leather armour (worn)
Jewellery
 k - a +2 ring of intelligence (left hand)
Scrolls
 i - a scroll of blinking {unknown}
 j - a scroll of remove curse {unknown}
 l - a scroll of amnesia {unknown}
 p - a scroll of magic mapping {unknown}
 q - a scroll of fear {unknown}
Potions
 e - a potion of heal wounds
 f - a potion of curing
 n - a potion of flight
 o - a potion of degeneration {unknown}
Books
 c - a book of Battle

   Spells                             Type                      Level
   a - Infusion                       Charms                       1
   b - Shroud of Golubria             Charms/Translocation         2
   c - Song of Slaying                Charms                       2
   d - Spectral Weapon                Hexes/Charms                 3
   e - Regeneration                   Charms/Necromancy            3
Comestibles
 d - a bread ration


   Skills:
 - Level 2.2 Fighting
 * Level 2.5 Axes
 - Level 0.8 Armour
 + Level 1.3 Dodging
 - Level 2.0 Spellcasting
 + Level 2.9 Charms


You had 5 spell levels left.
You knew the following spells:

 Your Spells              Type           Power        Failure   Level  Hunger
a - Infusion              Chrm           ##....       12%         1    #......


Dungeon Overview and Level Annotations

Branches:
Dungeon (2/15)

Altars:
Fedhas


Innate Abilities, Weirdness & Mutations

You are immune to rotting.


Message History

Found a beef jerky.
A kobold comes into view. It is wielding a short sword.
The kobold shouts!
A goblin comes into view.
The goblin shouts!
You hit the goblin.
You kill the goblin!
You are no longer magically infusing your attacks.
You see here a fizzy orange potion.
You hit the kobold but do no damage. The kobold hits you with a short sword.
* * * LOW HITPOINT WARNING * * *
You are too injured to fight recklessly!
You closely miss the kobold. The kobold misses you.
You closely miss the kobold. The kobold closely misses you.
You hit the kobold but do no damage. The kobold hits you with a short sword.
* * * LOW HITPOINT WARNING * * *
You hit the kobold.
The kobold is moderately wounded.
The kobold hits you with a short sword.
You die...

######.####.####
....##.# #.# .....#.#
#.####### .##..#.#
#.......##### ....>..#
#..####.#...##
..#..######..####..[%...
#.#..........#..........
....#######...).........
#.####..........@K......
................†......#
.....#.#........#.#.....
.............#..#.# ####
#....#.#....#...#.#
######.#########..# ##
##.##..#..## ###
.###.#####.##.##
#...####..####.#


You could see a kobold.

Vanquished Creatures
  2 worms (D:2)
  A giant gecko (D:1)
  2 ball pythons (D:2)
  A bat (D:1)
  2 giant cockroaches
  2 hobgoblins
  A giant newt (D:2)
  5 goblins
  2 kobolds (D:2)
  A quokka (D:2)
  6 rats
25 creatures vanquished.

Notes
Turn   | Place    | Note
--------------------------------------------------------------
     0 | D:1      | Gruud the Demonspawn Skald began the quest for the Orb.
     0 | D:1      | Reached XP level 1. HP: 16/16 MP: 3/3
   353 | D:1      | Reached skill level 1 in Dodging
   413 | D:2      | Gained mutation: You are immune to rotting. [demonic ancestry]
   413 | D:2      | Reached XP level 2. HP: 15/22 MP: 5/5
   455 | D:2      | Found a blossoming altar of Fedhas.
   960 | D:2      | HP: 1/22 [worm (11)]
  1384 | D:2      | Reached XP level 3. HP: 8/27 MP: 0/6
  1399 | D:2      | Slain by a kobold

Vault maps used:
D:1:      scummos_arrival_gate
D:2:      wad_river_or_something, fedhas_altar_3

Action                   || total
-------------------------++-------
Melee: Hand axe          ||   120
 Cast: Infusion          ||     5
  Use: Scroll            ||     3
 Stab: Sleeping          ||     2
  Eat: Chunk             ||     2
